 Dungeon Crawl Stone Soup version 0.28.0-53-g5a82cb258f (webtiles) character file.

Game seed: 11174060204924618780

19121 protoss039 the Fighter (level 12, -7/90 (103) HPs)
             Began as a Demonspawn Earth Elementalist on June 14, 2022.
             Was a Follower of Vehumet.
             Mangled by Rupert
             ... wielding a +1 great mace of draining
              (10 damage)
             ... on level 12 of the Dungeon.
             The game lasted 00:28:39 (13971 turns).

protoss039 the Fighter (DsEE)                      Turns: 13971, Time: 00:28:39

HP:   -7/90 (103)   AC: 11    Str:  9    XL:     12   Next: 33%
MP:   33/33         EV: 15    Int: 21    God:    Vehumet [*.....]
Gold: 807           SH:  9    Dex: 14    Spells: 18/27 levels left

rFire   . . .      SeeInvis .   P - +0 spear (venom)
rCold   . . .      Faith    .   J - +0 kite shield
rNeg    . . .      Spirit   .   E - +0 steam dragon scales
rPois   .          Reflect  .   Y - +2 hat
rElec   .          Harm     .   i - +0 cloak
rCorr   .          Rampage  .   (no gloves)
Will    +....                   Q - +0 pair of boots
Stlth   ++........              u - amulet of magic regeneration
HPRegen 0.25/turn               T - ring of willpower
MPRegen 0.63/turn               k - ring of magical power

@: agile, hasted, heavily drained, very quick
A: powered by death 2, powered by pain 2, sharp scales 1
a: Renounce Religion


You were on level 12 of the Dungeon.
You worshipped Vehumet.
Vehumet was aware of your devotion.
You visited 2 branches of the dungeon, and saw 13 of its levels.
You also visited: Bailey.

You collected 807 gold pieces.

Inventory:

Hand Weapons
 I - a +4 scimitar of flaming
 P - a +0 spear of venom (weapon)
 V - a +1 hand axe of flaming
Missiles
 c - 208 stones
 L - a throwing net
Armour
 g - the +1 ring mail of Edausij {Fly Will+ rCorr Str-3}
   (You found it on level 10 of the Dungeon)

   Str:       It affects your strength (-3).
   Fly:       It grants you flight.
   rCorr:     It protects you from acid and corrosion.
   Will:      It increases your willpower.
 i - a +0 cloak (worn)
 E - +0 steam dragon scales (worn)
 J - a +0 kite shield (worn)
 K - a +0 robe of willpower
 Q - a +0 pair of boots (worn)
 Y - a +2 hat (worn)
Jewellery
 h - a +6 ring of strength
 k - a ring of magical power (right hand)
 u - an amulet of magic regeneration (around neck)
 F - a ring of protection from cold
 N - a ring of see invisible
 T - a ring of willpower (left hand)
 U - an amulet of regeneration
Wands
 z - a wand of flame (50)
 O - a wand of digging (7)
 S - a wand of charming (3)
 W - a wand of acid (1)
 X - a wand of mindburst (10)
Scrolls
 a - 2 scrolls of teleportation
 d - 3 scrolls of blinking
 j - a scroll of identify
 l - a scroll of vulnerability {unknown}
 m - 3 scrolls of fog {unknown}
 o - 2 scrolls of summoning {unknown}
 q - 2 scrolls of magic mapping {unknown}
 y - 2 scrolls of immolation {unknown}
 A - a scroll of amnesia {unknown}
 B - 4 scrolls of fear {unknown}
 C - a scroll of noise {unknown}
 D - 4 scrolls of enchant armour {unknown}
 G - a scroll of brand weapon {unknown}
 M - a scroll of acquirement
 R - a scroll of torment {unknown}
Potions
 b - 4 potions of heal wounds
 e - 2 potions of ambrosia
 f - a potion of brilliance {unknown}
 n - a potion of lignification {unknown}
 p - 4 potions of haste
 r - 10 potions of curing
 s - 3 potions of cancellation {unknown}
 t - 2 potions of resistance
 v - 2 potions of invisibility {unknown}
 w - 2 potions of might {unknown}
 x - a potion of attraction {unknown}
 H - a potion of magic {unknown}


   Skills:
 * Level 12.5 Fighting
 + Level 4.2 Armour
 - Level 1.7 Dodging
 - Level 1.7 Stealth
 * Level 3.8 Shields
 + Level 8.4 Spellcasting
 + Level 8.3 Conjurations
 - Level 1.0 Transmutations
 + Level 8.7 Earth Magic


You had 18 spell levels left.
You knew the following spells:

 Your Spells              Type           Power      Damage    Failure   Level
a - Sandblast             Erth           90%        2d19      1%          1
b - Passwall              Tmut/Erth      24%        N/A       4%          2
c - Stone Arrow           Conj/Erth      88%        3d12      1%          3
d - Poisonous Vapours     Pois/Air       16%        N/A       34%         2
e - Apportation           Tloc           16%        N/A       22%         1

Your spell library contained the following spells:

 Spells                   Type           Power      Damage    Failure   Level
 Magic Dart               Conj           100%       1d8       1%          1
 Animate Skeleton         Necr           16%        N/A       22%         1
 Pain                     Necr           32%        1d5       22%         1
 Summon Small Mammal      Summ           32%        N/A       22%         1
 Petrify                  Tmut/Erth      29%        N/A       30%         4
 Flame Wave               Conj/Fire      26%        2d7       38%         4
 Inner Flame              Hex/Fire       8%         N/A       56%         3
 Fireball                 Conj/Fire      13%        3d7       75%         5
 Cause Fear               Hex            4%         N/A       92%         4
 Agony                    Necr           8%         N/A       99%         5
 Excruciating Wounds      Necr           4%         N/A       99%         5
 Summon Forest            Summ/Tloc      4%         N/A       99%         5
 Starburst                Conj/Fire      13%        6d5       99%         6
 Eringya's Noxious Bog    Tmut/Pois      5%         N/A       100%        6
 Summon Hydra             Summ           4%         N/A       100%        7
 Discord                  Hex            4%         N/A       100%        8
 Shatter                  Erth           22%        3d20*     100%        9


Dungeon Overview and Level Annotations

Branches:
Dungeon (12/15)            Temple (1/1) D:4            Lair (0/6) D:11
    Orc (0/2) D:10         Bailey (visited)

Altars:
Ashenzari
Cheibriados
Dithmenos
Elyvilon
Fedhas
Gozag
Hepliaklqana
Kikubaaqudgha
Makhleb
Nemelex Xobeh
Okawaru
Qazlal
Ru
Sif Muna
Trog
Uskayaw
Vehumet
Wu Jian
Xom
Yredelemnul
Zin
The Shining One

Shops:
D:1 (

Annotations:
D:7 2 transporters, dbhg's ghost, novice MiBe
D:12 2 transporters, EtherCrawl's ghost, journeyman OpFE; Rupert


Innate Abilities, Weirdness & Mutations

You regenerate health from kills.
You sometimes gain power by taking damage.
You are partially covered in razor-sharp scales. (AC +1, Slay +1)


Message History

Press: ? - help, Shift-Dir - straight line, f/p - Rupert
Aim: Rupert, wielding a +1 great mace of draining and wearing a +2 ring mail of poison resistance (moderately wounded, 79% to hit)
The stone arrow hits Rupert!!
Rupert is heavily wounded.
Unknown command.
Casting: Stone Arrow (safe; 1% risk of failure)
Confirm with . or Enter, or press ? or * to list all spells.
Aiming: Stone Arrow (safe; 1% risk of failure)
Press: ? - help, Shift-Dir - straight line, f/p - Rupert
Aim: Rupert, wielding a +1 great mace of draining and wearing a +2 ring mail of poison resistance (heavily wounded, 79% to hit)
The stone arrow hits Rupert!
Rupert is heavily wounded.
Unknown command.
Rupert roars madly and goes into a rage!
Rupert goes berserk!
There is a stone staircase leading up, spattered with blood here.
Casting: Stone Arrow (safe; 1% risk of failure)
Confirm with . or Enter, or press ? or * to list all spells.
Aiming: Stone Arrow (safe; 1% risk of failure)
Press: ? - help, Shift-Dir - straight line, f/p - Rupert
Aim: Rupert, wielding a +1 great mace of draining and wearing a +2 ring mail of poison resistance (heavily wounded, berserk, 79% to hit)
The stone arrow hits Rupert!
Rupert is severely wounded.
Unknown command.
You climb upwards.
There is a stone staircase leading down here.
Unknown command.
You climb downwards.
Level annotation: 2 transporters, EtherCrawl's ghost, journeyman OpFE; Rupert Rupert hits you with a +1 great mace of draining!!
You focus on the pain.
You feel your power returning.
You feel drained.
Rupert hits you with a +1 great mace of draining!!!
* * * LOW HITPOINT WARNING * * *
You feel drained.
* * * LOW HITPOINT WARNING * * *
You focus on the pain.
You feel agile all of a sudden.
There is a stone staircase leading up, spattered with blood here.
Rupert hits you with a +1 great mace of draining!
You die...

(...#8_.._.._8#..............#...
....#.........#.............###..
....#.........#...[.........# ###
....#8.......8#....[....#####
....#...._....#.....)...#
.####8.......8#....##..### .#
####...####..........# ##
#...#......#....### #
#...###.@@.##...#
#8.8###..#.>##### ##'##......##
#....#....## #######....# #...##
#####


You could see Rupert (berserk).

Vanquished Creatures
  2 boulder beetles
  Erica (D:8)
  5 two-headed ogres
  A deep elf pyromancer (D:12)
  A manticore (D:12)
  2 centaur zombies
  Psyche (D:11)
  An efreet (D:11)
  A kobold demonologist (D:7)
  7 trolls
  2 shadows
  A vampire (D:11)
  22 yaks
  2 wyverns
  3 steam dragons
  6 vampire mosquitoes
  Menkaure (D:7)
  A naga (Bailey)
  2 acid dragons
  A water moccasin (D:5)
  9 orc warriors
  An ice beast (D:7)
  8 ogres
  6 centaurs
  A phantom (D:6)
  3 kobold brigands
  A bullfrog (D:8)
  5 gnoll sergeants
  A wyvern zombie (D:7)
  A scorpion (D:4)
  A wyvern skeleton (D:5)
  A water moccasin skeleton (D:4)
  13 killer bees
  9 wights
  A howler monkey (D:8)
  2 jellies (D:5)
  2 bullfrog skeletons
  A bullfrog zombie (D:5)
  3 hounds
  A centaur skeleton (D:5)
  3 orc priests (D:8)
  12 orc wizards
  2 iguanas
  A killer bee zombie (D:8)
  A scorpion zombie (D:5)
  A hound skeleton (D:4)
  12 gnolls
  A howler monkey skeleton (D:7)
  8 adders
  4 worms
  2 dart slugs
  39 orcs
  4 bats
  9 endoplasms
  2 giant cockroaches
  18 goblins
  10 hobgoblins
  8 jackals
  2 quokkas (D:3)
  11 ball pythons
  5 frilled lizards
  19 kobolds
  7 rats
  A spectral kobold (D:1)
315 creatures vanquished.

Vanquished Creatures (others)
  An acid dragon (D:11)
1 creature vanquished.

Grand Total: 316 creatures vanquished

Notes
Turn   | Place    | Note
-------+----------+-------------------------------------------
     0 | D:1      | protoss039 the Demonspawn Earth Elementalist began the
                  | quest for the Orb.
     0 | D:1      | Reached XP level 1. HP: 13/13 MP: 3/3
   126 | D:1      | Reached skill level 1 in Transmutations
   235 | D:1      | Found a faded altar of an unknown god.
   279 | D:1      | Gained mutation: You regenerate a little health from kills.
                  | [demonic ancestry]
   279 | D:1      | Reached XP level 2. HP: 17/20 MP: 0/5
   377 | D:1      | Reached skill level 1 in Fighting
   939 | D:1      | Gained mutation: You regenerate health from kills. [demonic
                  | ancestry]
   939 | D:1      | Reached XP level 3. HP: 20/26 MP: 4/6
  1000 | D:1      | Found Laduzol's Weapon Shop.
  1108 | D:1      | Reached skill level 1 in Armour
  1417 | D:2      | Learned a level 2 spell: Passwall
  1421 | D:2      | Learned a level 3 spell: Stone Arrow
  2235 | D:3      | Reached skill level 1 in Conjurations
  2235 | D:3      | Gained mutation: You sometimes gain a little power by
                  | taking damage. [demonic ancestry]
  2235 | D:3      | Reached XP level 4. HP: 29/33 MP: 7/7
  2236 | D:3      | Reached skill level 2 in Fighting
  2294 | D:3      | Got Fuosog's Guide on Poisoning and Clay
  2788 | D:3      | Reached XP level 5. HP: 26/39 MP: 8/8
  2918 | D:3      | Found a basalt altar of Yredelemnul.
  3387 | D:4      | Noticed an ogre
  3391 | D:4      | Killed an ogre
  3392 | D:4      | Reached skill level 3 in Fighting
  3392 | D:4      | Reached XP level 6. HP: 36/47 MP: 10/10
  3726 | D:4      | Found a staircase to the Ecumenical Temple.
  3771 | Temple   | Entered the Ecumenical Temple
  4363 | D:4      | Reached XP level 7. HP: 53/53 MP: 11/11
  4400 | D:5      | Entered Level 5 of the Dungeon
  4431 | D:5      | Reached skill level 4 in Fighting
  4827 | D:5      | Reached skill level 5 in Fighting
  5001 | D:5      | Reached XP level 8. HP: 62/62 MP: 9/14
  5401 | D:6      | Found a burning altar of Makhleb.
  5410 | D:6      | Reached skill level 6 in Fighting
  5476 | D:6      | Found a snail-covered altar of Cheibriados.
  5523 | D:6      | Reached skill level 5 in Earth Magic
  6064 | D:7      | Noticed Menkaure
  6066 | D:7      | Killed Menkaure
  6219 | D:7      | HP: 3/65 [something (12)]
  6220 | D:7      | Reached skill level 7 in Fighting
  6220 | D:7      | Reached skill level 5 in Spellcasting
  6519 | D:7      | Reached XP level 9. HP: 68/72 MP: 12/16
  6594 | D:7      | Noticed a kobold demonologist
  6597 | D:7      | Noticed an orange demon
  6768 | D:7      | Killed a kobold demonologist
  6805 | D:7      | Found a transporter.
  6810 | D:7      | Noticed a moth of wrath
  6819 | D:7      | Noticed dbhg's ghost (novice MiBe)
  6871 | D:7      | Found a bloodstained altar of Trog.
  6946 | D:7      | Found a transporter.
  7097 | D:7      | Reached skill level 8 in Fighting
  7232 | D:8      | Found a shimmering altar of Xom.
  7404 | D:8      | Reached skill level 5 in Conjurations
  7676 | D:8      | Noticed Erica
  7681 | D:8      | Killed Erica
  7682 | D:8      | Reached skill level 9 in Fighting
  7682 | D:8      | Gained mutation: You are partially covered in razor-sharp
                  | scales. (AC +1, Slay +1) [demonic ancestry]
  7682 | D:8      | Reached XP level 10. HP: 49/83 MP: 14/19
  8090 | D:8      | Found an iron altar of Okawaru.
  8377 | D:8      | Learned a level 2 spell: Poisonous Vapours
  8379 | D:8      | Learned a level 1 spell: Apportation
  8408 | D:9      | Found a flagged portal.
  8421 | Bailey   | Entered a bailey
  8506 | Bailey   | Noticed an orc warlord
  8536 | Bailey   | Noticed an orc knight
  8732 | Bailey   | Found a runed translucent gate.
  8734 | Bailey   | Found a runed translucent gate.
  8735 | Bailey   | Found a runed translucent gate.
  8740 | Bailey   | Identified the +8 mace of Megalomania {spect, Fly rF+ Dex+4
                  | SInv}
  8748 | Bailey   | an orc knight changed into a naga
  8964 | Bailey   | Got the Almanac of Fire
  8987 | D:9      | Noticed a boulder beetle
  9052 | D:9      | Killed a boulder beetle
  9053 | D:9      | Reached skill level 10 in Fighting
  9726 | D:9      | Gained mutation: You sometimes gain power by taking damage.
                  | [demonic ancestry]
  9726 | D:9      | Reached XP level 11. HP: 21/92 MP: 18/21
 10323 | D:10     | Entered Level 10 of the Dungeon
 10359 | D:10     | Noticed a two-headed ogre
 10392 | D:10     | Killed a two-headed ogre
 10467 | D:10     | Found a staircase to the Orcish Mines.
 10491 | D:10     | Reached skill level 11 in Fighting
 10648 | D:10     | Noticed a two-headed ogre
 10654 | D:10     | Killed a two-headed ogre
 10739 | D:10     | Noticed a two-headed ogre
 10746 | D:10     | Killed a two-headed ogre
 11041 | D:10     | Noticed a two-headed ogre
 11045 | D:10     | Killed a two-headed ogre
 11209 | D:10     | Found a radiant altar of Vehumet.
 11230 | D:10     | Became a worshipper of Vehumet
 11439 | D:10     | Identified the +1 ring mail of Edausij {Fly Will+ rCorr
                  | Str-3}
 11650 | D:11     | Noticed a boulder beetle
 11667 | D:11     | Killed a boulder beetle
 11668 | D:11     | Reached skill level 1 in Shields
 11863 | D:11     | Noticed a two-headed ogre
 11871 | D:11     | Killed a two-headed ogre
 12414 | D:11     | Reached skill level 12 in Fighting
 12691 | D:11     | Found a staircase to the Lair.
 12694 | D:11     | Noticed a two-headed ogre
 12694 | D:11     | Noticed Psyche
 12700 | D:11     | Killed Psyche
 12824 | D:11     | Reached XP level 12. HP: 97/102 MP: 20/24
 13333 | D:11     | Reached * piety under Vehumet
 13333 | D:11     | Offered knowledge of Magic Dart by Vehumet.
 13463 | D:12     | Found a shadowy altar of Dithmenos.
 13466 | D:12     | Found an ornate altar of the Wu Jian Council.
 13468 | D:12     | Found a shimmering altar of Xom.
 13468 | D:12     | Found a shimmering altar of Xom.
 13538 | D:12     | Found a transporter.
 13544 | D:12     | Noticed a five-headed hydra
 13557 | D:12     | Noticed a four-headed hydra
 13557 | D:12     | Noticed EtherCrawl's ghost (journeyman OpFE)
 13566 | D:12     | Found a transporter.
 13857 | D:12     | Noticed Rupert
 13970 | D:12     | HP: 3/90 [Rupert/+1 great mace of draining (19)]
 13971 | D:12     | Mangled by Rupert

Illustrated notes

Levels and vault maps discovered:
D:1:      psy_arrival_spokes, layout_basic, serial_shops,
          nicolae_shop_hallway_stairs, dreamdust_ecumenical_altar_drowned_temple
D:2:      layout_basic, kennysheep_generic_room_16
D:3:      kb_forest_paths, layout_basic, mainiacjoe_overflow_catwalk,
          minmay_fractal_squares_diagonal_5
D:4:      layout_basic, amcnicky_altar_gilded,
          minmay_temple_entry_statues_pillars
D:5:      layout_basic, glass_columns_b, minmay_between
D:6:      layout_loops_corners, slow_altar_2, lemuel_doored_altar
D:7:      layout_basic, mainiacjoe_overflow_brackets,
          gammafunk_ghost_wrathful_warriors, minivault_23, uniq_menkaure
D:8:      layout_loops_ring, okawaru_trees_2,
          mainiacjoe_overflow_small_starburst, hangedman_abyss_or_decor_passed,
          uniq_erica
D:9:      layout_cave_pools, enter_bailey_3
D:10:     layout_irregular_city, general_overflow_altar,
          kennysheep_orc_monster_closet_entryway
D:11:     layout_basic, lair_entry_dummy, minmay_fractal_squares_gapless_5,
          uniq_psyche
D:12:     layout_cave_pools, gammafunk_ghost_berserking_beasts,
          doesnt_xom_only_xom, uniq_rupert
Temple:   zaba_magenta_temple

Skill      XL: |  1  2  3  4  5  6  7  8  9 10 11 12 |
---------------+-------------------------------------+-----
Transmutations | 1 |  1.0
Fighting       | 1 2 3 5 7 9 10 12 | 12.5
Armour         | 1 2 3 4 |  4.2
Earth Magic    | 3 4 5 6 7 8 |  8.7
Conjurations   | 1 2 3 4 5 6 8 |  8.3
Spellcasting   | 3 4 5 6 7 8 |  8.4
Shields        | 2 3 |  3.8
Dodging        | |  1.7
Stealth        | |  1.7

Action                   |  1- 3 |  4- 6 |  7- 9 | 10-12 || total
-------------------------+-------+-------+-------+-------++-------
Melee: Short sword       |   146 |    84 |       |       ||   230
       Punch             |     2 |       |     1 |       ||     3
       Spear             |       |    40 |     8 |    61 ||   109
       Hand axe          |       |       |       |     9 ||     9
       Scimitar          |       |       |       |     4 ||     4
 Cast: Sandblast         |    34 |    22 |    39 |    94 ||   189
       Stone Arrow       |       |    15 |   117 |   225 ||   357
       Apportation       |       |       |       |     6 ||     6
       Poisonous Vapours |       |       |       |     4 ||     4
       Passwall          |       |       |       |     1 ||     1
Evoke: Wand              |       |       |       |     4 ||     4
  Use: Potion            |     1 |       |       |     3 ||     4
       Scroll            |       |       |     4 |     5 ||     9
 Stab: Sleeping          |     5 |     2 |     1 |       ||     8
       Distracted        |     1 |       |       |       ||     1
Armor: Robe              |    25 |       |       |       ||    25
       Leather armour    |    12 |    30 |     8 |       ||    50
       Steam dragon scal |       |       |     4 |    77 ||    81
Dodge: Dodged            |    99 |    79 |    47 |   144 ||   369
Block: Kite shield       |       |       |       |    27 ||    27
